 Dungeon Crawl Stone Soup version 0.14-a0-30-gf0b6e91 (webtiles) character file.

1899 PolkaDot the Grappler (level 9, -2/65 (68) HPs)
             Began as a Ghoul Death Knight on Sept 26, 2013.
             Was a Priest of Yredelemnul.
             Slain by a killer bee (7 damage)
             ... on Level 7 of the Dungeon.
             The game lasted 00:25:30 (5098 turns).

PolkaDot the Grappler (Ghoul Death Knight)          Turns: 5098, Time: 00:25:31

HP  -2/65 (68)   AC  4     Str 17      XL: 9   Next:  4%
MP  14/14        EV 10     Int  6      God: Yredelemnul [***...]
Gold 177         SH  0     Dex 11      Spells:  0 memorised,  8 levels left

Res.Fire  : + . .   See Invis. : .     - Unarmed
Res.Cold  : + . .   Warding    : .   b - +1 leather armour
Life Prot.: + + +   Conserve   : .   (no shield)
Res.Poison: +       Res.Corr.  : .   (no helmet)
Res.Elec. : .       Clarity    : .   (no cloak)
Sust.Abil.: . .     Spirit.Shd : .   (no gloves)
Res.Mut.  : .       Stasis     : .   (no boots)
Res.Rott. : +       Flight     : .   (no amulet)
Saprovore : + + +                    (no ring)
                                     m - ring of protection from fire

@: rotting, slightly resistant to hostile enchantments, very unstealthy
A: rotting body, claws 1, carnivore 3, cold resistance 1, life protection 3,
poison resistance, saprovore 3, slow healing 1, torment resistance, unbreathing
a: Animate Dead, Recall Undead Slaves, Injury Mirror, Renounce Religion


You were on level 7 of the Dungeon.
You worshipped Yredelemnul.
Yredelemnul was most pleased with you.
You were not hungry.

You visited 1 branch of the dungeon, and saw 8 of its levels.

You collected 277 gold pieces.
You spent 120 gold pieces at shops.

Inventory:

Armour
 b - a +1 leather armour (worn)
Magical devices
 d - a wand of magic darts (8)
 h - a wand of confusion (0)
 j - a wand of frost (0)
Comestibles
 g - 3 meat rations
 i - 4 chunks of orc flesh
 k - a chunk of adder flesh
Scrolls
 c - a scroll of noise
 f - 3 scrolls of remove curse
Jewellery
 e - an uncursed ring of teleportation
 m - a ring of protection from fire (left claw)
Potions
 a - a potion of heal wounds
 v - a potion of poison


   Skills:
 - Level 2.1 Fighting
 + Level 3.0 Armour
 - Level 0.8 Dodging
 * Level 11.2 Unarmed Combat
 + Level 4.6 Invocations


You had 8 spell levels left.
You didn't know any spells.

Dungeon Overview and Level Annotations

Branches:
Dungeon (8/27)             Temple (0/1) D:5             Orc (0/4) D:8
   Lair: D:8-13

Altars:

Shops:
D:5 }[%

Annotations:
D:7 Eustachio
D:8 Maurice


Innate Abilities, Weirdness & Mutations

Your body is rotting away.
You have sharp fingernails.
You are carnivorous and can eat meat at any time.
Your flesh is cold resistant.
You are immune to negative energy.
Your system is resistant to poisons.
You thrive on rotten meat.
You heal slowly.
You are immune to unholy pain and torment.
You can survive without breathing.


Message History

The killer bee barely misses you.
You miss the killer bee. The killer bee closely misses you.
You hear a zap.
Some rock shatters into small pieces.
The killer bee stings you.
* * * LOW HITPOINT WARNING * * *
You barely miss the killer bee. The killer bee closely misses you.
The killer bee barely misses you.
The killer bee stings you but does no damage.
Eustachio zaps a wand.
You hear a grinding noise.
Found a large bone amulet.
The killer bee closely misses you. The killer bee stings you.
* * * LOW HITPOINT WARNING * * *
The killer bee stings you but does no damage.
You see here a potion of heal wounds.
a - a potion of heal wounds The killer bee stings you!
You die...
Yredelemnul claims you as an undead slave.

####.####.).# #....# .
#. ...# #....##. #[
..... #...... .. ...###
#..r.# #Z #########
#....# #. ##.... #.>..#
. ####....####@r...##..
.........kk...........#
####...@##.##.#####..#
#."..#.###.# .# #.....#
#$# #....## ... .......
..# ###....# .## ###.##
. #. .


You could see Eustachio, 2 killer bees and a green rat.

Vanquished Creatures
  Grinder (D:4)
  The ghost of yokelz the Insei, an average DsMo of Cheibriados (D:4)
  Edmund (D:4)
  Menkaure (D:4)
  An ice beast (D:8)
  3 ogres
  A phantom (D:4)
  A killer bee (D:7)
  3 hounds
  A crimson imp (D:5)
  2 scorpions
  3 orc priests
  2 orc wizards
  4 worker ants
  An ogre skeleton (D:5)
  8 adders
  A giant mite (D:4)
  An inept item mimic (D:2)
  3 worms
  An adder skeleton (D:4)
  A giant eyeball (D:5)
  5 giant geckos
  4 oozes
  10 orcs
  A ball python (D:3)
  6 goblins
  13 hobgoblins
  4 jackals
  4 quokkas
  12 bats
  6 giant cockroaches
  6 giant newts
  9 kobolds
  10 rats
131 creatures vanquished.

Notes
Turn   | Place    | Note
--------------------------------------------------------------
     0 | D:1      | PolkaDot, the Ghoul Death Knight, began the quest for the Orb.
     0 | D:1      | Reached XP level 1. HP: 17/17 MP: 2/2
   339 | D:1      | Reached XP level 2. HP: 14/24 MP: 4/4
  1064 | D:2      | Reached XP level 3. HP: 25/29 MP: 5/5
  1183 | D:2      | Acquired Yredelemnul's second power
  1183 | D:2      | Reached skill level 4 in Unarmed Combat
  1447 | D:2      | Reached XP level 4. HP: 6/37 MP: 6/6
  1734 | D:3      | Reached skill level 5 in Unarmed Combat
  2173 | D:3      | Reached XP level 5. HP: 42/42 MP: 7/7
  2546 | D:4      | Reached skill level 6 in Unarmed Combat
  2619 | D:4      | Noticed Menkaure
  2634 | D:4      | Killed Menkaure
  2634 | D:4      | Reached skill level 7 in Unarmed Combat
  2634 | D:4      | Reached XP level 6. HP: 29/49 MP: 9/9
  2695 | D:4      | Noticed yokelz's ghost (average DsMo)
  2703 | D:5      | Entered Level 5 of the Dungeon
  2729 | D:4      | Killed yokelz's ghost
  2754 | D:4      | Noticed a phantom
  2765 | D:4      | Reached skill level 8 in Unarmed Combat
  2765 | D:4      | Reached XP level 7. HP: 50/55 MP: 9/9
  2795 | D:4      | Killed a phantom
  2906 | D:4      | Acquired Yredelemnul's third power
  2999 | D:4      | Reached skill level 9 in Unarmed Combat
  3074 | D:4      | Noticed Grinder
  3111 | D:4      | Paralysed by Grinder for 4 turns
  3126 | D:4      | Killed Grinder
  3126 | D:4      | Reached skill level 10 in Unarmed Combat
  3126 | D:4      | Reached XP level 8. HP: 37/62 MP: 11/11
  3265 | D:4      | Noticed an ogre
  3280 | D:4      | Killed an ogre
  3280 | D:4      | Reached skill level 1 in Armour
  3443 | D:4      | Noticed Edmund
  3467 | D:4      | Killed Edmund
  3636 | D:5      | Noticed an iron devil
  3667 | D:5      | Found a staircase to the Ecumenical Temple.
  3719 | D:5      | Paralysed by a giant eyeball for 3 turns
  3723 | D:5      | Paralysed by a giant eyeball for 3 turns
  3762 | D:5      | Found Khaasakkuu's Antique Armour Shoppe.
  3959 | D:5      | Noticed an angel
  4163 | D:5      | Found Cheaf's Food Boutique.
  4171 | D:5      | Bought a meat ration for 40 gold pieces
  4171 | D:5      | Bought a meat ration for 40 gold pieces
  4171 | D:5      | Bought a meat ration for 40 gold pieces
  4186 | D:5      | Found Ygeqie's Gadget Emporium.
  4743 | D:8      | Reached skill level 11 in Unarmed Combat
  4931 | D:8      | Reached XP level 9. HP: 59/65 MP: 12/14
  4934 | D:8      | Found a staircase to the Orcish Mines.
  4999 | D:8      | Noticed Maurice
  5084 | D:7      | Noticed Eustachio
  5098 | D:7      | Slain by a killer bee

Action                   |  1- 3 |  4- 6 |  7- 9 || total
-------------------------+-------+-------+-------++-------
Melee: Unarmed           |   158 |   122 |   258 ||   538
Evoke: Wand              |       |       |     4 ||     4
  Use: Scroll            |     2 |     7 |     7 ||    16
       Potion            |       |     2 |    10 ||    12
